 Dungeon Crawl Stone Soup version 0.31-a0-251-gdc1e01ee57 (webtiles) character file.

Game seed: 9344681452158279293

490 qw the Shooter (level 7, -3/43 HPs)
             Began as a Gargoyle Hexslinger on July 12, 2023.
             Slain by Duvessa
             ... wielding a +0 rapier
              (5 damage)
             ... on level 5 of the Dungeon.
             The game lasted 00:01:33 (3199 turns).

qw the Shooter (Gargoyle Hexslinger)                Turns: 3199, Time: 00:01:34

Health: -3/43      AC: 10    Str: 12    XL:     7   Next: 14%
Magic:  8/8        EV: 11    Int: 13    God:
Gold:   146        SH:  0    Dex: 14    Spells: 7/8 levels left

rFire   . . .        Y - +2 sling
rCold   + . .        (no shield)
rNeg    + . .        e - +0 troll leather armour
rPois   inf          (no helmet)
rElec   +            (no cloak)
rCorr   .            (no gloves)
SInv    .            h - +0 pair of boots
Will    .....        (no amulet)
Stlth   +            f - ring of protection from cold
HPRegen 1.07/turn    (no ring)
MPRegen 0.11/turn

%: no passive effects
@: no status effects
A: sickness immunity, AC +4, negative energy resistance 1, electricity
resistance, torment resistance 1, petrification resistance
a: no special abilities


You were on level 5 of the Dungeon.
You visited 1 branch of the dungeon, and saw 5 of its levels.

You collected 146 gold pieces.


Innate Abilities, Weirdness & Mutations

You are immune to sickness and miasma.
Your stone body is resilient. (AC +4)
You are immune to poison.
You resist negative energy. (rN+)
You are resistant to electric shocks. (rElec)
You are resistant to unholy torment.
You are immune to petrification.


   Skills:
 - Level 4.0 Fighting
 + Level 6.4 Ranged Weapons
 - Level 1.0 Armour
 - Level 1.5 Dodging
 - Level 1.0 Spellcasting
 - Level 2.6 Hexes


You had 7 spell levels left.
You knew the following spells:

 Your Spells              Type           Power      Damage    Failure   Level
a - Slow                  Hex            28%        N/A       12%         1

Your spell library contained the following spells:

 Spells                   Type           Power      Damage    Failure   Level
 Inner Flame              Hex/Fire       4%         N/A       52%         3
 Portal Projectile        Hex/Tloc       8%         N/A       52%         3
 Cause Fear               Hex            3%         N/A       75%         4

Inventory:

Hand Weapons
 Y - a +2 sling (weapon)
Armour
 e - a +0 troll leather armour (worn)
 h - a +0 pair of boots (worn)
Jewellery
 f - a ring of protection from cold (left hand)
Scrolls
 j - a scroll of identify
Potions
 a - a potion of berserk rage {unknown}
 b - a potion of mutation {unknown}
 d - a potion of heal wounds {unknown}
 g - a potion of resistance {unknown}
 i - a potion of degeneration {unknown}

Dungeon Overview and Level Annotations

Branches:
Dungeon (5/15)
 Temple: D:4-7

Altars:
Cheibriados
Makhleb
Ru

Annotations:
D:3 1 runed translucent door, Crazy Yiuf
D:5 Dowan, Duvessa


Message History

The iguana closely misses you.
You shoot a sling bullet.
The sling bullet completely misses the iguana.
The sling bullet hits Duvessa but does no damage.
Duvessa is lightly wounded.
The iguana bites you.
Dowan says, "My weaknesses are her strengths!"
You shoot a sling bullet. The sling bullet hits the iguana!
The iguana is almost dead.
The iguana bites you!
Duvessa says, "Where magic fails, the sword succeeds!"
The iguana barely misses you.
You shoot a sling bullet.
The sling bullet hits the iguana but does no damage.
The iguana is almost dead.
The iguana barely misses you.
You shoot a sling bullet. The sling bullet hits the iguana!
You kill the iguana!
Dowan says, "Magic and the sword, together, will defeat you."
Dowan points at you and mumbles some strange words.
The puff of flame hits you!
You shoot a sling bullet.
The sling bullet hits Duvessa but does no damage.
Duvessa is lightly wounded.
Duvessa hits you with a +0 rapier.
You shoot a sling bullet. The sling bullet hits Duvessa!
Duvessa is moderately wounded.
Duvessa hits you with a +0 rapier.
You shoot a sling bullet. The sling bullet hits Duvessa.
Duvessa is moderately wounded.
Duvessa hits you with a +0 rapier.
You shoot a sling bullet.
The sling bullet hits Duvessa but does no damage.
Duvessa is moderately wounded.
Duvessa hits you with a +0 rapier.
You shoot a sling bullet.
The sling bullet hits Duvessa but does no damage.
Duvessa is moderately wounded.
Duvessa hits you with a +0 rapier! Duvessa hits you with a +0 rapier.
You die...

### #<#
#.# #.#
#@# #e#
.e. .....
=......
....#....
.....
.....
......
......


You could see Duvessa and Dowan.

Vanquished Creatures
  An ogre (D:4)
  Blork the orc (D:4)
  A hound (D:4)
  4 iguanas
  A sleepcap (D:4)
  An orc wizard (D:4)
  A mummy (D:4)
  5 adders
  An ufetubus (D:5)
  A worm (D:2)
  A dart slug (D:1)
  10 orcs
  8 ball pythons
  4 bats
  6 endoplasms
  4 giant cockroaches
  6 goblins
  7 hobgoblins
  2 jackals (D:4)
  2 quokkas
  A frilled lizard (D:2)
  10 kobolds
  2 rats
80 creatures vanquished.

Notes
Turn   | Place    | Note
-------+----------+-------------------------------------------
     0 | D:1      | qw the Gargoyle Hexslinger began the quest for the Orb.
     0 | D:1      | Reached XP level 1. HP: 12/12 MP: 2/2
     0 | D:1      | 0 ||| qw: Version: 0.3-a-52-g30416fa
     0 | D:1      | 0 ||| qw: Game counter: 6578
     0 | D:1      | 0 ||| qw: Melee chars always use a shield: true
     0 | D:1      | 0 ||| qw: God list: Okawaru
     0 | D:1      | 0 ||| qw: Allow faded altars: false
     0 | D:1      | 0 ||| qw: Do Orc after clearing Dungeon:15 true
     0 | D:1      | 0 ||| qw: Do second Lair branch before Depths: true
     0 | D:1      | 0 ||| qw: Lair rune preference: random
     0 | D:1      | 0 ||| qw: Goals: Normal
     0 | D:1      | 0 ||| PLANNING D:1-11
    52 | D:1      | HP: 3/12 [quokka (2)]
    57 | D:1      | Reached XP level 2. HP: 3/16 MP: 3/3
   192 | D:1      | Reached skill level 3 in Ranged Weapons
   484 | D:1      | Reached XP level 3. HP: 21/21 MP: 4/4
   647 | D:1      | 647 ||| UPGRADING to +0 ring mail.
   657 | D:1      | 657 ||| DROPPING +0 robe.
   658 | D:1      | 658 ||| UPGRADING to ring of protection from cold.
   659 | D:1      | 659 ||| READING scroll labelled WISHRO VOBRUMP.
   660 | D:1      | 660 ||| DROPPING scroll of poison.
   796 | D:2      | Found a faded altar of an unknown god.
   905 | D:2      | HP: 5/21 [kobold/+0 dagger (1)]
  1034 | D:2      | HP: 3/21 [worm (9)]
  1500 | D:2      | 1500 ||| READING scroll labelled TAFYUTWAJI.
  1504 | D:2      | 1504 ||| READING scroll labelled EGA OFATOUSTROH.
  1505 | D:2      | 1505 ||| READING scroll labelled QOBLAA JIOP.
  1609 | D:3      | Reached XP level 4. HP: 26/26 MP: 5/5
  1612 | D:3      | Found a burning altar of Makhleb.
  1707 | D:3      | Reached skill level 4 in Ranged Weapons
  1715 | D:3      | Found a sacrificial altar of Ru.
  1804 | D:3      | Reached skill level 1 in Armour
  2093 | D:3      | Found a runed translucent door.
  2094 | D:3      | Noticed Crazy Yiuf
  2373 | D:3      | 2373 ||| UPGRADING to +0 troll leather armour.
  2383 | D:3      | 2383 ||| DROPPING +0 ring mail.
  2384 | D:3      | 2384 ||| UPGRADING to +0 pair of boots.
  2389 | D:3      | 2389 ||| READING scroll labelled VUUTISM JERU.
  2475 | D:4      | Noticed an ogre
  2484 | D:4      | Killed an ogre
  2485 | D:4      | Reached skill level 5 in Ranged Weapons
  2485 | D:4      | Reached XP level 5. HP: 30/30 MP: 6/6
  2562 | D:4      | Reached skill level 3 in Fighting
  2562 | D:4      | Reached XP level 6. HP: 34/37 MP: 7/7
  2640 | D:4      | Noticed Blork the orc
  2655 | D:4      | Killed Blork the orc
  2742 | D:4      | Reached skill level 6 in Ranged Weapons
  3024 | D:4      | Found a snail-covered altar of Cheibriados.
  3076 | D:4      | Reached XP level 7. HP: 43/43 MP: 8/8
  3138 | D:4      | 3138 ||| READING scroll labelled XABLAI HEOKK.
  3139 | D:4      | 3139 ||| DRINKING 3 orange potions.
  3149 | D:4      | 3149 ||| DROPPING 2 potions of ambrosia.
  3174 | D:5      | Entered Level 5 of the Dungeon
  3177 | D:5      | Noticed Dowan
  3179 | D:5      | Noticed Duvessa
  3198 | D:5      | HP: 8/43 [Duvessa/+0 rapier (4)]
  3199 | D:5      | HP: 2/43 [Duvessa/+0 rapier (8)]
  3199 | D:5      | Slain by Duvessa

Levels and vault maps discovered:
D:1:      tekkud_arrival_beachfront_property, layout_basic
D:2:      layout_basic, hellmonk_ecumenical_altar_pennies_from_heaven
D:3:      wad_lake_hut, layout_basic, lemuel_crystal_altar, bloody_makhleb,
          uniq_crazy_yiuf_cottage
D:4:      layout_cave_pools, chei_slow_surprise, uniq_blork_the_orc
D:5:      wander_river, layout_basic, serial_park_tiny_pond, skrybe_limestone_x,
          minivault_4, uniq_duvessa, uniq_pikel

Skill      XL: |  1  2  3  4  5  6 |
---------------+-------------------+-----
Ranged Weapons | 3 5 6 |  6.4
Fighting       | 2 3 4 |  4.0
Armour         | 1 |  1.0
Dodging        | |  1.5
Spellcasting   | |  1.0
Hexes          | |  2.6

Action                     |  1- 3 |  4- 6 |  7- 9 || total
---------------------------+-------+-------+-------++-------
   Fire: Sling             |   154 |   255 |    39 ||   448
    Use: Scroll            |     4 |     1 |     1 ||     6
         Potion            |       |       |     1 ||     1
 Armour: Robe              |     6 |       |       ||     6
         Ring mail         |    38 |    15 |       ||    53
         Troll leather arm |       |    73 |     3 ||    76
  Dodge: Dodged            |    61 |    79 |    11 ||   151

Table legend:
 A = Non-vault XP
 B = Vault XP
 C = Vault XP percentage of total XP
 D = Non-vault monster count
 E = Vault monster count
 F = Vault count percentage of total count
                 A         B        C        D         E       F
            +---------+---------+-------+---------+---------+-------
      Total |     582 |     118 |  16.9 |      78 |       2 |   2.5
            +---------+---------+-------+---------+---------+-------
        D:1 |      34 |       0 |   0.0 |      17 |       0 |   0.0
        D:2 |      45 |       0 |   0.0 |      19 |       0 |   0.0
        D:3 |      55 |       0 |   0.0 |      11 |       0 |   0.0
        D:4 |     403 |     118 |  22.6 |      29 |       2 |   6.5
        D:5 |      45 |       0 |   0.0 |       2 |       0 |   0.0
            +---------+---------+-------+---------+---------+-------
